 Dungeon Sprint DCSS version 0.19.4-9-g45fd643 (webtiles) character file.

39 equalderp2856 the Caller (level 3, -16/14 HPs)
             Began as a Felid Summoner on Feb 18, 2017.
             Killed from afar by Josephine (21 damage)
             ... with a ghostly fireball
             ... in the Dungeon (Sprint IX: "|||||||||||||||||||||||||||||").
             The game lasted 00:04:28 (559 turns).

equalderp2856 the Caller (Felid Summoner)            Turns: 559, Time: 00:04:28

Health: -16/14     AC:  3    Str:  4    XL:     3   Next: 28%
Magic:  9/9        EV: 20    Int: 17    God:
Gold:   0          SH:  0    Dex: 16    Spells: 2 memorised, 7 levels left
                                        Lives:  0   Deaths: 1

rFire  . . .     SeeInvis +     (weapon unavailable)
rCold  . . .     Gourm    .     (armour unavailable)
rNeg   . . .     Faith    .     (shield unavailable)
rPois  .         Spirit   .     (helmet unavailable)
rElec  .         Reflect  .     (cloak unavailable)
rCorr  .         Harm     .     (gloves unavailable)
MR     .....     NoTele   +     (boots unavailable)
Stlth  +++.......               (no amulet)
                                n - +2 ring of evasion
                                m - +2 ring of protection

@: drained, quick
A: no armour, no weapons or thrown items, stealth, claws 1, fangs 3, see
invisible, carnivore 3, speed 1, shaggy fur 1, slow metabolism 1, sharp paws
a: no special abilities


You were in the Dungeon.
You were not hungry.

You visited 1 branch

Inventory:

Jewellery
 m - a +2 ring of protection (left paw)
 n - a +2 ring of evasion (right paw)
Wands
 l - a wand of lightning (7/15)
Scrolls
 h - 2 scrolls of blinking
 j - 3 scrolls of remove curse
 k - 2 scrolls of amnesia
Potions
 c - 3 potions of curing
 d - 2 potions of heal wounds
 e - a potion of haste
 f - 4 potions of magic
 g - a potion of berserk rage
 i - a potion of invisibility
Books
 a - a book of Callings

   Spells                             Type                      Level
   a - Summon Small Mammal            Summoning                    1
   b - Call Imp                       Summoning                    2
   c - Call Canine Familiar           Summoning                    3
   d - Summon Guardian Golem          Hexes/Summoning              3
   e - Summon Lightning Spire         Summoning/Air                4
   f - Summon Ice Beast               Ice/Summoning                4
Comestibles
 b - a meat ration


   Skills:
 + Level 3.6(3.0) Dodging
 + Level 4.2(3.7) Stealth
 + Level 1.5(0.9) Unarmed Combat
 + Level 4.1(3.5) Spellcasting
 + Level 7.8(7.1) Summonings


You had 7 spell levels left.
You knew the following spells:

 Your Spells              Type           Power        Failure   Level  Hunger
a - Summon Small Mammal   Summ           ####         1%          1    None
b - Call Imp              Summ           ####....     1%          2    ##.....


Dungeon Overview and Level Annotations

Branches:
Dungeon (1/1)

Altars:
Cheibriados
Dithmenos
Elyvilon
Fedhas
Gozag
Hepliaklqana
Kikubaaqudgha
Makhleb
Nemelex Xobeh
Okawaru
Qazlal
Ru
Sif Muna
Trog
Uskayaw
Vehumet
Xom
Yredelemnul
Zin
The Shining One
Beogh
Jiyva
Lugonu

Annotations:
D Josephine


Innate Abilities, Weirdness & Mutations

You cannot wear armour.
You are incapable of wielding weapons or throwing items.
Your paws allow you to move quietly. (Stealth)
You have sharp claws.
You have razor-sharp teeth.
You have supernaturally acute eyesight. (SInv)
You are carnivorous and can eat meat at any time.
You cover ground quickly.
You are covered in fur. (AC +1)
You have a slow metabolism.
Your sharp claws are effective at attacking unaware monsters.


Message History

Josephine the Decaying Necromancer comes into view.
She is wielding a dagger of venom.
A wraith comes into view.
Josephine shouts!
Josephine screams, "Die!"
A wraith comes into view.
The wraith hits you but does no damage.
You scratch the wraith but do no damage.
The wraith misses you.
You scratch the wraith but do no damage.
The wraith hits you!
Ouch! That really hurt!
A wraith comes into view.
You scratch the wraith.
The wraith is lightly damaged.
You closely miss Josephine. You closely miss Josephine.
Josephine points at you and mumbles some strange words.
The ghostly flame explodes!
The ghostly fireball engulfs you!
You feel drained.
Ouch! That really hurt!
You die...

▓_▓.▓
▓_▓.▓
▓_▓.▓
▓_▓.▓
▓_▓.▓
▓_▓.▓
▓_▓.▓
▓_▓.▓
▓_▓@▓
▓_▓@▓
▓_▓W▓
▓_▓W▓
▓_▓W▓
▓_▓W▓
▓_▓W▓
▓_▓.▓
▓_▓


You could see Josephine and 5 wraiths.

Vanquished Creatures
  A worker ant (D)
  A leopard gecko (D)
  A bat (D)
  2 giant cockroaches (D)
  A kobold (D)
6 creatures vanquished.

Vanquished Creatures (collateral kills)
  A sky beast (D)
  A crimson imp (D)
  An adder (D)
  A bat skeleton (D)
4 creatures vanquished.

Grand Total: 10 creatures vanquished

Notes
Turn   | Place    | Note
-------+----------+-------------------------------------------
     0 | D        | equalderp2856 the Felid Summoner began the quest for the Orb.
     0 | D        | Reached XP level 1. HP: 7/7 MP: 4/4
    31 | D        | Reached skill level 5 in Summonings
   110 | D        | Noticed a worker ant
   110 | D        | Noticed a crimson imp
   110 | D        | Noticed a sky beast
   117 | D        | Reached XP level 2. HP: 6/11 MP: 2/6
   122 | D        | Learned a level 2 spell: Call Imp
   274 | D        | Killed a sky beast
   274 | D        | Reached skill level 1 in Unarmed Combat
   274 | D        | Reached skill level 7 in Summonings
   274 | D        | Reached XP level 3. HP: 14/14 MP: 1/9
   280 | D        | Reached XP level 4. HP: 18/18 MP: 0/10
   377 | D        | Found a roughly hewn altar of Beogh.
   377 | D        | Found a snail-covered altar of Cheibriados.
   377 | D        | Found a shadowy altar of Dithmenos.
   377 | D        | Found a white marble altar of Elyvilon.
   377 | D        | Found a blossoming altar of Fedhas.
   377 | D        | Found an opulent altar of Gozag.
   378 | D        | Found a hazy altar of Hepliaklqana.
   379 | D        | Found a viscous altar of Jiyva.
   380 | D        | Found an ancient bone altar of Kikubaaqudgha.
   381 | D        | Found a corrupted altar of Lugonu.
   382 | D        | Found a burning altar of Makhleb.
   383 | D        | Found a sparkling altar of Nemelex Xobeh.
   384 | D        | Found an iron altar of Okawaru.
   385 | D        | Found a stormy altar of Qazlal.
   386 | D        | Found a sacrificial altar of Ru.
   387 | D        | Found a deep blue altar of Sif Muna.
   388 | D        | Found a bloodstained altar of Trog.
   389 | D        | Found a hide-covered altar of Uskayaw.
   390 | D        | Found a radiant altar of Vehumet.
   391 | D        | Found a shimmering altar of Xom.
   392 | D        | Found a basalt altar of Yredelemnul.
   393 | D        | Found a glowing silver altar of Zin.
   394 | D        | Found a glowing golden altar of the Shining One.
   421 | D        | Noticed a troll
   421 | D        | Noticed a centaur
   494 | D        | Slain by a worker ant
   495 | D        | Reached XP level 3. HP: 0/14 MP: 5/9
   549 | D        | Noticed a wraith
   550 | D        | Noticed a wraith
   552 | D        | Noticed Josephine
   553 | D        | Noticed a wraith
   554 | D        | Noticed a wraith
   557 | D        | Noticed a wraith
   559 | D        | Killed from afar by Josephine

Skill      XL: |  1  2  3  4 |
---------------+-------------+-----
Stealth        | 3 4 |  4.2
Summonings     | 5 7 |  7.8
Dodging        | 3 |  3.6
Unarmed Combat | 1 |  1.5
Spellcasting   | 3 4 |  4.1

Action                   |  1- 3 |  4- 6 || total
-------------------------+-------+-------++-------
Melee: Unarmed           |    21 |    30 ||    51
       Bite              |     1 |     2 ||     3
       Punch             |       |     1 ||     1
 Cast: Summon Small Mamm |    10 |     1 ||    11
       Call Imp          |     4 |     7 ||    11
  Use: Potion            |       |     3 ||     3
 Stab: Sleeping          |     1 |       ||     1
Armor: Skin              |     2 |     1 ||     3
Dodge: Dodged            |    18 |    54 ||    72
